Description

Lambos ZvT Hatch First Macro Opening for 8 worker patch

Build Order

Get SALT Encoding   

  8  0:00  Drone  
  9  0:11  Drone  
  10  0:17  Drone x2  
  12  0:31  Overlord  
  12  0:41  Extractor, Drone  
  13  0:50  Drone x2  
  15  1:11  Hatchery  
  14  1:13  Drone x2  
  16  1:21  Drone  
  17  1:35  Spawning Pool  
  17  1:40  Extractor  
  19  2:10  Overlord  
  19  2:22  Queen x2  
  20  2:29  Zergling x4  
  28  2:45  Metabolic Boost  
  28  2:50  Overlord  
  34  3:18  Hatchery  
  33  3:22  Overlord  
  39  3:41  Queen  
  39  3:46  Overlord  
  44  3:56  Queen  
  46  4:04  Zergling x8  
  51  4:17  Queen  
  54  4:30  Queen  
  59  4:35  Queen  
  68  4:55  Lair  
  68  4:58  Baneling Nest  
  67  5:00  Extractor  
  72  5:08  Extractor  
  81  5:33  Hatchery  
  81  5:34  Extractor  
  83  5:43  Evolution Chamber x2  
  83  5:59  Overseer  
  83  6:01  Zergling x8  
  83  6:04  Centrifugal Hooks  
  98  6:13  Queen  
  115  6:47  Infestation Pit  
  119  6:52  Hatchery  
  119  6:53  Extractor  
  117  6:59  Baneling x7  
  138  7:27  Baneling x3  
  143  7:32  Hatchery  
Spawning Tool Build Advisor. Get it on Overwolf

Go to:

Details

  • Created by: Redwood
  • Published on: Sep 05, 2026
  • Modified on: Sep 05, 2026
  • Patch: 5.0.16
  • Difficulty: Easy
Show
View Real Time Build Order
Export as new Build Order

Comments (0)

There are no comments. Be the first!

Create an account to comment!